 Dungeon Crawl Stone Soup version 0.31-a0-221-gbddc013574 (webtiles) character file.

Game seed: 10913734792374994550

413 Anon1729 the Trooper (level 6, -1/49 HPs)
             Began as a Mummy Monk on July 4, 2023.
             Slain by a gnoll
             ... wielding a +0 whip
             ... led by a gnoll bouda
              (2 damage)
             ... on level 5 of the Dungeon.
             The game lasted 00:03:37 (2820 turns).

Anon1729 the Trooper (Mummy Monk)                   Turns: 2820, Time: 00:03:38

Health: -1/49      AC: 12    Str: 20    XL:     6   Next: 59%
Magic:  6/6        EV:  9    Int:  9    God:
Gold:   179        SH:  0    Dex: 17    Spells: 5/5 levels left

rFire   x . .        b - +2 dagger (venom)
rCold   + . .        c - orb {light}
rNeg    + + +        h - +0 chain mail
rPois   ∞            (no helmet)
rElec   .            (no cloak)
rCorr   .            n - +2 pair of gloves
SInv    .            f - +0 pair of boots
Will    .....        (no amulet) Stlth
                     l - +6 ring of strength
HPRegen 0.28/turn    d - ring of flight
MPRegen 0.10/turn

%: faith
@: flying, glowing
A: cold resistance 1, negative energy resistance 3, torment resistance 2, heat
vulnerability 1, in touch with death 1, no potions, faith
a: no special abilities


You were on level 5 of the Dungeon.
You visited 1 branch of the dungeon, and saw 7 of its levels.

You collected 244 gold pieces.
You spent 65 gold pieces at shops.

Inventory:

Hand Weapons
 a - a +0 falchion
 b - a +2 dagger of venom (weapon)
 i - the +1 spear of Jelu {speed, rPois Str+7 Int-2}
   (You found it on level 4 of the Dungeon)

   Str:       It affects your strength (+7).
   Int:       It affects your intelligence (-2).
   rPois:     It protects you from poison.
Missiles
 o - 3 poisoned darts
Armour
 c - an orb of light (worn)
 f - a +0 pair of boots (worn)
 g - a +0 ring mail
 h - a +0 chain mail (worn)
 j - a +0 robe
 n - a +2 pair of gloves (worn)
Jewellery
 d - a ring of flight (right hand)
 l - a +6 ring of strength (left hand)
Scrolls
 e - 3 scrolls of teleportation
 k - a scroll of fear
 m - 2 scrolls of enchant armour {unknown}
 p - 3 scrolls of summoning
 q - a scroll of noise {unknown}
 r - a scroll of revelation {unknown}


   Skills:
 + Level 4.3 Fighting
 * Level 4.2 Long Blades
 + Level 2.1 Armour
 + Level 3.5 Dodging


You had 5 spell levels left.
You didn't know any spells.
Your spell library contained the following spells:

 Spells                   Type           Power      Damage    Failure   Level
 Cigotuvi's Dreadful Rot  Necr/Pois/Air  0%         N/A       99%         2
 Ignite Poison            Fire/Tmut/Pois 0%         N/A       100%        3
 Freezing Cloud           Conj/Ice/Air   0%         6-21      100%        5


Dungeon Overview and Level Annotations

Branches:
Dungeon (7/15)             Temple (0/1) D:4

Altars:
Gozag

Shops:
D:4 [*!


Innate Abilities, Weirdness & Mutations

You are immune to poison.
Your flesh is cold resistant. (rC+)
You are immune to negative energy. (rN+++)
You are immune to unholy pain and torment.
You are vulnerable to heat. (rF-)
You are in touch with the powers of death.
You do not drink.
You have a special connection with the divine. (Faith)


Message History

The gnoll hits you but does no damage.
You barely miss the gnoll.
The gnoll is moderately wounded.
The gnoll closely misses you. The gnoll barely misses you.
The gnoll hits you but does no damage.
You hit the gnoll.
The gnoll looks as sick as possible!
The gnoll is severely wounded.
The gnoll barely misses you. The gnoll closely misses you.
The gnoll misses you.
You hit the gnoll.
You kill the gnoll!
The gnoll hits you from afar with a +0 halberd.
The gnoll hits you with a +0 whip.
You are too injured to fight recklessly!
You are too injured to fight recklessly!
You are too injured to fight recklessly!
You are too injured to fight recklessly!
You are too injured to fight recklessly!
You are too injured to fight recklessly!
You are too injured to fight recklessly!
You are too injured to fight recklessly!
You are too injured to fight recklessly!
You are too injured to fight recklessly!
You are too injured to fight recklessly!
You hit the gnoll.
The gnoll is poisoned.
The gnoll is lightly wounded.
The gnoll hits you from afar with a +0 halberd.
You hit the gnoll.
The gnoll looks as sick as possible!
The gnoll is moderately wounded.
The gnoll hits you but does no damage.
The gnoll hits you from afar with a +0 halberd!
* * * LOW HITPOINT WARNING * * *
The gnoll barely misses you.
You barely miss the gnoll.
The gnoll is moderately wounded.
The gnoll is no longer moving quickly.
The gnoll hits you from afar with a +0 halberd.
* * * LOW HITPOINT WARNING * * *
The gnoll hits you with a +0 whip.
You die...

#.......##...##
#............#
#.>...##.....####
#.........#>..#..
#....#.#..#......
##.####.......... . ###
###.........
################.........##
..........@.#))..####....##
..........)g).##.####...#..
###########g)##.........#..
#. #..##..#....5.... #
#...#..#.........
#................
##...##..........
#..............!.
#..#.....(.......


You could see 2 gnolls.

Vanquished Creatures
  A sky beast (D:6)
  2 lemures (D:5)
  An orc priest (D:5)
  A gnoll bouda (D:5)
  Jessica (D:2)
  An iguana (D:4)
  Terence (D:2)
  2 orc wizards (D:5)
  2 gnolls (D:5)
  7 adders
  2 worms
  7 orcs
  2 ball pythons
  3 endoplasms (D:3)
  A giant cockroach (D:3)
  5 hobgoblins
  3 jackals (D:2)
  4 kobolds
  3 quokkas
  A bat (D:1)
  2 frilled lizards
  3 goblins (D:3)
  3 rats (D:2)
58 creatures vanquished.

Notes
Turn   | Place    | Note
-------+----------+-------------------------------------------
     0 | D:1      | Anon1729 the Mummy Monk began the quest for the Orb.
     0 | D:1      | Reached XP level 1. HP: 18/18 MP: 1/1
   424 | D:2      | Reached XP level 2. HP: 24/24 MP: 2/2
   520 | D:2      | Noticed Terence
   543 | D:2      | Killed Terence
   544 | D:2      | Gained mutation: You are in touch with the powers of death.
                  | [Mummy growth]
   544 | D:2      | Reached XP level 3. HP: 15/29 MP: 3/3
   830 | D:2      | Reached XP level 4. HP: 32/35 MP: 4/4
   904 | D:2      | Noticed Jessica
   911 | D:2      | Killed Jessica
   912 | D:2      | Reached skill level 1 in Armour
  1398 | D:3      | Found a faded altar of an unknown god.
  2033 | D:4      | Reached XP level 5. HP: 42/42 MP: 5/5
  2035 | D:4      | Found Icoyluj's Distillery.
  2222 | D:4      | Found Omi Lazisid's General Store.
  2233 | D:4      | Bought a scroll of teleportation for 39 gold pieces
  2233 | D:4      | Bought a scroll of identify for 26 gold pieces
  2290 | D:4      | Identified the +1 spear of Jelu {speed, rPois Str+7 Int-2}
  2293 | D:4      | Found Loley's Armour Shop.
  2538 | D:4      | Found a staircase to the Ecumenical Temple.
  2538 | D:4      | You are sucked into a shaft and drop 3 floors!
  2546 | D:6      | Found an opulent altar of Gozag.
  2564 | D:6      | Noticed a sky beast
  2576 | D:6      | Killed a sky beast
  2590 | D:5      | Entered Level 5 of the Dungeon
  2603 | D:5      | Reached XP level 6. HP: 48/48 MP: 6/6
  2820 | D:5      | HP: 1/49 [gnoll/+0 halberd[a gnoll bouda] (5)]
  2820 | D:5      | Slain by a gnoll

Illustrated notes

Levels and vault maps discovered:
D:1:      scummos_arrival_simple_fountains, layout_loops_corners
D:2:      layout_loops_ring, grunt_decor_mini_mirrors, kennysheep_jessica_study,
          uniq_terence
D:3:      layout_loops_cross, shapermc_ecumenical_altar_totnotflames,
          chequers_arboretum, eino_tiny_chamber, kennysheep_generic_room_10
D:4:      layout_cave_pods, nicolae_overflow_hidden_temple,
          minmay_temple_entry_tees, serial_shops, nicolae_lakefront_shop, shop,
          nicolae_diamond_shop
D:5:      kennysheep_windowed_halls, layout_cave_pools,
          cheibrodos_ashenzari_chains, ebering_ghost_sewer_d, serial_shops,
          shop, uniq_pikel, uniq_prince_ribbit1, uniq_ijyb
D:6:      layout_rooms, nicolae_gozag_seed_capital, kennysheep_mini,
          gammafunk_temple_overflow_statue, gammafunk_ghost_hive, uniq_duvessa
D:7:      layout_cave_pools

Skill      XL: |  1  2  3  4  5  6 |
---------------+-------------------+-----
Long Blades    | 3 4 |  4.2
Armour         | 1 2 |  2.1
Dodging        | 3 |  3.5
Fighting       | 4 |  4.3

Action                     |  1- 3 |  4- 6 || total
---------------------------+-------+-------++-------
  Melee: Falchion          |    63 |     8 ||    71
         Dagger            |       |   142 ||   142
    Use: Scroll            |       |     2 ||     2
 Armour: Ring mail         |    10 |       ||    10
         Robe              |     2 |       ||     2
         Chain mail        |     7 |    62 ||    69
  Dodge: Dodged            |    33 |    67 ||   100

Table legend: (Time is in decaauts)
 A = Elapsed time spent in this place.
 B = Non-inter-level travel time spent in this place.
 C = Inter-level travel time spent in this place.
 D = Time resting spent in this place.
 E = Time spent auto-exploring this place.
 F = Levels seen in this place.
 G = Mean time per level.
                   A        B        C        D        E       F      G
               +--------+--------+--------+--------+--------+-----+--------+
         Total |   2813 |   2553 |    260 |     44 |   2015 |   7 |  401.9 |
       Dungeon |   2813 |   2553 |    260 |     44 |   2015 |   7 |  401.9 |
               +--------+--------+--------+--------+--------+-----+--------+

Top non-repeatable levels by time:
     D:3: 867 daAuts
     D:2: 836 daAuts
     D:4: 506 daAuts
     D:1: 331 daAuts
     D:5: 221 daAuts
     D:6: 44 daAuts
     D:7: 5 daAuts
